 Dungeon Sprint DCSS version 0.31-a0-1074-g0b22e4e0f1 (webtiles) character file.

Game seed: 6603409489577658835

289 rocky1 the Covered (level 6, 0/51 HPs)
             Began as a Djinni Fighter on Dec 3, 2023.
             Was an Initiate of Gozag.
             Slain by a spatial vortex (21 damage)
             ... in the Dungeon (Sprint III: "The Ten Rune Challenge").
             The game lasted 00:01:18 (809 turns).

rocky1 the Covered (Djinni Fighter)                  Turns: 809, Time: 00:01:18

Health: 0/51       AC:  9    Str: 15    XL:     6   Next: 58%
Gold:   43         EV:  9    Int:  9    God:    Gozag SH:  6 Dex: 15

rFire   + + .        a - +0 long sword
rCold   x . .        c - +0 buckler
rNeg    . . .        b - +0 scale mail
rPois   ∞            (no helmet)
rElec   .            (no cloak)
rCorr   .            (no gloves)
SInv    .            (boots unavailable)
Will    .....        (no amulet) Stlth
                     (no ring)
HPRegen 0.28/turn    (no ring)
MPRegen 0.00/turn

%: no teleportation, infuse magic (-1 HP)
@: flying
A: sickness immunity, fire resistance 2, cold vulnerability 1, float, innate
caster, HP casting, extra vitality 1, iridescent scales 1
a: Renounce Religion, Potion Petition, Call Merchant, Bribe Branch


You were in the Dungeon.
You worshipped Gozag.
Gozag was noncommittal.
You visited 1 branch You collected 43 gold pieces.

Inventory:

Hand Weapons
 a - a +0 long sword (weapon)
Armour
 b - a +0 scale mail (worn)
 c - a +0 buckler (worn)
Wands
 j - a wand of flame (14)
Scrolls
 i - a scroll of blinking
 l - a scroll of poison {unknown}
 m - 4 scrolls of identify
 o - a scroll of torment {unknown}
Potions
 d - a potion of might
 e - a potion of curing
 f - a potion of heal wounds
 g - a potion of haste
 k - 2 potions of mutation
 n - 3 potions of enlightenment
 p - a potion of lignification {unknown}


   Skills:
 + Level 6.7 Fighting
 + Level 6.6 Long Blades
 + Level 7.1 Armour
 + Level 0.4 Dodging
 + Level 6.5 Shields


You knew the following spells:

 Your Spells              Type           Power      Damage    Failure   Level
a - Kiss of Death         Conj/Necr      0%         2d5       86%         1
b - Ensorcelled Hibernat  Hex/Ice        0%         N/A       95%         2
Your spell library was empty.

Dungeon Overview and Level Annotations

Branches:
Dungeon (1/1)

Altars:
Cheibriados
Fedhas
Gozag
Hepliaklqana
Makhleb
Nemelex Xobeh
Qazlal
Xom
Jiyva
Lugonu


Innate Abilities, Weirdness & Mutations

You are immune to sickness and miasma.
You are immune to poison.
Your flesh is very heat resistant. (rF++)
You are vulnerable to cold. (rC-)
You float through the air rather than walking.
You learn spells naturally, not from books.
Your magical power is your life essence.
You have superior vitality. (+4 MHP)
You are partially covered in iridescent scales. (AC +2)


Message History

The spatial vortex hits you but does no damage.
You slash the spatial vortex!
The spatial vortex is moderately damaged.
The spatial vortex hits you!! Space warps horribly around you!
You are too injured to fight recklessly!
You are too injured to fight recklessly!
You are too injured to fight recklessly!
You are too injured to fight recklessly!
You are too injured to fight recklessly!
You are too injured to fight recklessly!
You are too injured to fight recklessly!
You are too injured to fight recklessly!
You are too injured to fight recklessly!
You are too injured to fight recklessly!
You are too injured to fight recklessly!
You are too injured to fight recklessly!
You are too injured to fight recklessly!
You are too injured to fight recklessly!
You are too injured to fight recklessly!
You are too injured to fight recklessly!
You are too injured to fight recklessly!
You are too injured to fight recklessly!
You hit the spatial vortex.
The spatial vortex is moderately damaged.
You hit the spatial vortex.
The spatial vortex is moderately damaged.
There is a hazy altar of Hepliaklqana here.
You are too injured to fight recklessly!
You hit the spatial vortex but do no damage.
The spatial vortex is moderately damaged.
There is a shimmering altar of Xom here.
There is a sparkling altar of Nemelex Xobeh here.
You see here a wand of flame (15).
You hit the spatial vortex.
The spatial vortex is moderately damaged.
You hit the spatial vortex.
The spatial vortex is moderately damaged.
The spatial vortex hits you!!
You die...
Your body crumbles into a pile of gold.

...♣.♣♣ ♣.# ....♣.♣ ♣.#
....♣.♣ ♣♣.#
....~.♣♣♣..###+#+###+##
...~~♣..♣♣.#..........#
..~~~~.♣.♣.'.⌠........#
..~≈≈~~~♣♣.#...######'#
.~~≈~~~....#.⌠.#_v#...#
.~≈~~~.....#...#@_#...#
.~~~.......#+###__#...#
...........# #__#...+
...........# #__'...#
▓▓▓▓▓▓▓▓▓▓▓▓ ▓▓▓▓▓▓▓▓


You could see a spatial vortex.

Vanquished Creatures
  A shadow (D)
  A water elemental (D)
  A jelly (D)
  Jessica (D)
  A human (D)
  A phantom (D)
  An endoplasm (D)
  2 rats (D)
9 creatures vanquished.

Notes
Turn   | Place    | Note
-------+----------+-------------------------------------------
     0 | D        | rocky1 the Djinni Fighter began the quest for the Orb.
     0 | D        | Reached XP level 1. HP: 20/20 MP: 0/0
    16 | D        | Noticed Jessica
    21 | D        | Killed Jessica
    22 | D        | Reached skill level 4 in Armour
    22 | D        | Reached XP level 2. HP: 12/26 MP: 0/0
    22 | D        | Reached XP level 3. HP: 14/31 MP: 0/0
    22 | D        | Learned a level 1 spell: Kiss of Death
   296 | D        | Reached XP level 4. HP: 38/38 MP: 0/0
   320 | D        | Gained mutation: You are partially covered in iridescent
                  | scales. (AC +2) [potion of mutation]
   340 | D        | Noticed a water elemental
   348 | D        | Killed a water elemental
   349 | D        | Reached skill level 5 in Fighting
   349 | D        | Reached skill level 5 in Armour
   349 | D        | Reached skill level 5 in Shields
   349 | D        | Reached XP level 5. HP: 43/43 MP: 0/0
   349 | D        | Learned a level 2 spell: Ensorcelled Hibernation
   604 | D        | Noticed a shadow
   622 | D        | Killed a shadow
   623 | D        | Reached skill level 7 in Armour
   623 | D        | Reached XP level 6. HP: 5/51 MP: 0/0
   792 | D        | Found a blossoming altar of Fedhas.
   792 | D        | Found a stormy altar of Qazlal.
   792 | D        | Found a snail-covered altar of Cheibriados.
   792 | D        | Found a burning altar of Makhleb.
   792 | D        | Found a shimmering altar of Xom.
   793 | D        | Found a hazy altar of Hepliaklqana.
   793 | D        | Found an opulent altar of Gozag.
   793 | D        | Found a sparkling altar of Nemelex Xobeh.
   793 | D        | Found a corrupted altar of Lugonu.
   793 | D        | Found a viscous altar of Jiyva.
   793 | D        | Noticed a spatial vortex
   797 | D        | Became a worshipper of Gozag Ym Sagoz the Greedy
   809 | D        | Slain by a spatial vortex

Illustrated notes

Levels and vault maps discovered:
D:        dungeon_sprint_mu [sprint_mu_entry_forest, sprint_mu_temple_rooms,
          sprint_mu_d1_horrors, sprint_mu_d2_genie, sprint_mu_d3_branching,
          sprint_mu_orc_legion, sprint_mu_elf_gauntlet, sprint_mu_hive_nellie,
          sprint_mu_lair_fedhas, sprint_mu_vaults_butterflies,
          sprint_mu_slime_circle, sprint_mu_swamp_cave, sprint_mu_snake_twists,
          sprint_mu_blade_basic, sprint_mu_crypt_lich, sprint_mu_tomb_spiral,
          sprint_mu_vestibule_basic, sprint_mu_gehenna_hellfire,
          sprint_mu_dis_giant, sprint_mu_tartarus_statrot,
          sprint_mu_cocytus_islands, sprint_mu_zot1]

Skill      XL: |  1  2  3  4  5 |
---------------+----------------+-----
Long Blades    | 3 4 6 |  6.6
Fighting       | 4 5 6 |  6.7
Armour         | 4 5 7 |  7.1
Shields        | 4 5 6 |  6.5
Dodging        | |  0.4

Action                     |  1- 3 |  4- 6 || total
---------------------------+-------+-------++-------
  Melee: Long sword        |    22 |    39 ||    61
    Use: Potion            |       |     2 ||     2
 Armour: Scale mail        |    12 |    17 ||    29
  Dodge: Dodged            |     6 |     6 ||    12
  Block: Buckler           |     2 |     8 ||    10

Table legend: (Time is in decaauts)
 A = Elapsed time spent in this place.
 B = Non-inter-level travel time spent in this place.
 C = Inter-level travel time spent in this place.
 D = Time resting spent in this place.
 E = Time spent auto-exploring this place.
 F = Levels seen in this place.
 G = Mean time per level.
                   A        B        C        D        E       F      G
               +--------+--------+--------+--------+--------+-----+--------+
         Total |    829 |    829 |      0 |    635 |      0 |   1 |  829.0 |
       Dungeon |    829 |    829 |      0 |    635 |      0 |   1 |  829.0 |
               +--------+--------+--------+--------+--------+-----+--------+

Top non-repeatable levels by time:
       D: 829 daAuts
